 Dungeon Crawl Stone Soup version 0.23-a0-141-g456867d (console) character file.

574 nht the Insei (level 7, -11/48 HPs)
             Began as a Merfolk Transmuter on Aug 31, 2018.
             Was an Initiate of Nemelex Xobeh.
             Mangled by Pikel
             ... wielding a +0 whip of electrocution
              (14 damage)
             ... on level 5 of the Dungeon.
             The game lasted 00:09:31 (4177 turns).

nht the Insei (Merfolk Transmuter)                  Turns: 4177, Time: 00:09:32

Health: -11/48     AC:  6    Str: 10    XL:     7   Next: 34%
Magic:  10/10      EV: 13    Int: 15    God:    Nemelex Xobeh [......]
Gold:   190        SH:  0    Dex: 14    Spells: 4/10 levels left

rFire    + . .     SeeInvis .     - Unarmed
rCold    . . .     Gourm    .   (no shield)
rNeg     . . .     Faith    .   t - +0 robe {rF+}
rPois    +         Spirit   .   (no helmet)
rElec    .         Reflect  .   (no cloak)
rCorr    .         Harm     .   n - +0 pair of gloves
MR       .....                  g - +2 pair of boots {run}
Stlth    +.........             (no amulet)
HPRegen  0.16/turn              k - ring of poison resistance
MPRegen  0.12/turn              (no ring)

@: appendage, quick
A: change form in water, swift swim, stealthy swim, horns 2, mutation resistance
1
a: End Transformation, Renounce Religion


You were on level 5 of the Dungeon.
You worshipped Nemelex Xobeh.
Nemelex Xobeh was noncommittal.
You were not hungry.
You had grown temporary horns.
You visited 1 branch of the dungeon, and saw 5 of its levels.

You collected 190 gold pieces.

Inventory:

Missiles
 a - 45 arrows
Armour
 g - a +2 pair of boots of running (worn)
 n - a +0 pair of gloves (worn)
 q - a +4 chain mail of poison resistance
 r - a +0 helmet
 t - a +0 robe of fire resistance (worn)
Jewellery
 k - a ring of poison resistance (left hand)
Scrolls
 b - 2 scrolls of teleportation {unknown}
 e - 2 scrolls of blinking
 f - a scroll of identify
 h - 2 scrolls of fog {unknown}
 i - 4 scrolls of remove curse
 j - a scroll of immolation
 m - a scroll of enchant armour
 o - a scroll of amnesia
Potions
 l - a potion of resistance
 p - a potion of heal wounds
Comestibles
 d - 5 rations
 s - a chunk of flesh


   Skills:
 - Level 1.1 Fighting
 - Level 2.6 Dodging
 * Level 7.6 Unarmed Combat
 - Level 2.0 Spellcasting
 + Level 6.3 Transmutations


You had 4 spell levels left.
You knew the following spells:

 Your Spells              Type           Power        Failure   Level  Hunger
a - Beastly Appendage     Tmut           ###...       1%          1    #......
b - Sticks to Snakes      Tmut           ###.....     2%          2    ###....
c - Spider Form           Tmut/Pois      ##........   19%         3    ###....

Your spell library contained the following spells:

 Spells                   Type           Power        Failure   Level  Hunger
 Ice Form                 Ice/Tmut       ##......     52%         4    #####..
 Blade Hands              Tmut           ###.......   43%         5    ######.


Dungeon Overview and Level Annotations

Branches:
Dungeon (5/15)
 Temple: D:4-7

Altars:
Fedhas
Nemelex Xobeh
Sif Muna
Vehumet

Annotations:
D:4 Edmund
D:5 Pikel


Innate Abilities, Weirdness & Mutations

You revert to your normal form in water.
You are very nimble and swift while swimming.
You are very stealthy in the water. (Stealth+)
You have a pair of horns on your head.
You are somewhat resistant to further mutation.


Message History

The wyvern dies!
The wyvern's corpse disappears in a puff of smoke!
Your wyvern barely misses the slave.
Unknown command.
Your hellwing hits the wyvern. x2; The slave hits your wyvern!
Your wyvern dies!
Your wyvern's corpse disappears in a puff of smoke!
Evoke which item? (* to show all) (? for menu, Esc to quit)
You draw a card...
It is Foxfire.
The deck of cards disappears without a trace.
The wyvern disappears in a puff of smoke!
Your hell hound barely misses the slave.
The slave hits your hell hound.
The slave completely misses your insubstantial wisp.
Pikel says, "I'm sure they'll be treated well, anyway."
Pikel hits you with a whip of electrocution!
* * * LOW HITPOINT WARNING * * *
You are electrocuted!
You die...
Your body disappears without a glow.

████..._..█...█
██.........██§p██
██..........██...█
█.......███v.v...██
██...........p.§...█
█........4.p...v....█
█......llph.h.v.......
........K████.....$....
......l@.█ █..........
........██ █.........█
.......l█ █.........
█...)..██ █........
██..... ....... ██.$..
█...█


████ You could see Pikel, 2 wyverns, 3 slaves, a friendly hellwing, a friendly
hell hound, 2 friendly wyverns and 2 friendly insubstantial wisps.

Vanquished Creatures
  A phantom (D:4)
  A scorpion (D:4)
  A crimson imp (D:5)
  A centaur zombie (D:3)
  A hound (D:4)
  3 orc wizards (D:4)
  2 worker ants (D:4)
  Robin (D:4)
  2 gnolls (D:3)
  6 adders
  A worm (D:2)
  A dart slug (D:3)
  7 leopard geckos
  14 orcs
  10 bats
  2 giant cockroaches (D:1)
  8 hobgoblins
  12 kobolds
  A quokka (D:3)
  A ball python (D:2)
  2 frilled lizards
  24 goblins
  A leopard gecko skeleton (D:4)
  6 rats
109 creatures vanquished.

Vanquished Creatures (collateral kills)
  A gnoll (D:3)
  A worm (D:2)
  A goblin (D:2)
3 creatures vanquished.

Vanquished Creatures (others)
  An ogre (D:5)
  A leopard gecko (D:5)
  5 plants (D:4)
7 creatures vanquished.

Grand Total: 119 creatures vanquished

Notes
Turn   | Place    | Note
-------+----------+-------------------------------------------
     0 | D:1      | nht the Merfolk Transmuter began the quest for the Orb.
     0 | D:1      | Reached XP level 1. HP: 15/15 MP: 3/3
   164 | D:1      | Reached XP level 2. HP: 11/21 MP: 3/5
   278 | D:1      | Reached skill level 4 in Unarmed Combat
   518 | D:1      | Reached XP level 3. HP: 23/26 MP: 4/6
   613 | D:1      | Identified a +2 pair of boots of running (You found it on
                  | level 1 of the Dungeon)
   892 | D:2      | Found a deep blue altar of Sif Muna.
   978 | D:2      | Gained mutation: You are somewhat resistant to further
                  | mutation. [potion of mutation]
   990 | D:2      | Learned a level 2 spell: Sticks to Snakes
  1184 | D:3      | Reached XP level 4. HP: 28/32 MP: 5/7
  1189 | D:3      | Learned a level 3 spell: Spider Form
  1404 | D:3      | Reached skill level 5 in Unarmed Combat
  1970 | D:3      | Reached XP level 5. HP: 36/37 MP: 6/8
  2364 | D:3      | Found a radiant altar of Vehumet.
  2609 | D:4      | Noticed Edmund
  2664 | D:4      | Reached skill level 6 in Unarmed Combat
  2684 | D:4      | Reached skill level 5 in Transmutations
  2684 | D:4      | Reached XP level 6. HP: 38/43 MP: 9/9
  2759 | D:4      | Noticed a phantom
  2775 | D:5      | Entered Level 5 of the Dungeon
  2940 | D:4      | Killed a phantom
  3543 | D:4      | Found a sparkling altar of Nemelex Xobeh.
  3562 | D:4      | Noticed Robin
  3577 | D:4      | Became a worshipper of Nemelex Xobeh the Trickster
  3618 | D:4      | Reached skill level 7 in Unarmed Combat
  3627 | D:4      | Reached XP level 7. HP: 37/48 MP: 8/10
  3638 | D:4      | Killed Robin
  4125 | D:5      | Received a gift from Nemelex Xobeh
  4151 | D:5      | Found a blossoming altar of Fedhas.
  4157 | D:5      | Noticed Pikel
  4160 | D:5      | Noticed a wyvern
  4160 | D:5      | Noticed a wyvern
  4160 | D:5      | Noticed a wyvern
  4177 | D:5      | Noticed a wyvern
  4177 | D:5      | Noticed a wyvern
  4177 | D:5      | Mangled by Pikel

Vault maps used:
D:1:      elethiomel_arrival_quiet
D:2:      lemuel_doored_altar, first_ration, minmay_strange_pillars
D:3:      corexii_shack_village, nicolae_overflow_hidden_temple
D:4:      kennysheep_mini, nemelex_xobeh_ov_fountains_minmay,
          chequers_big_river, kennysheep_generic_room_13, uniq_ijyb, uniq_robin,
          uniq_edmund
D:5:      lemuel_crystal_altar, overflow_temple_1_default, hangedman_ru_absence,
          minmay_temple_entry_grid, basic_altar, xom_confusion_cloud,
          uniq_pikel, uniq_prince_ribbit1, uniq_grinder, uniq_duvessa

Skill      XL: |  1  2  3  4  5  6  7 |
---------------+----------------------+-----
Transmutations | 3 4 5 6 |  6.3
Unarmed Combat | 4 5 6 7 |  7.6
Fighting       | |  1.1
Dodging        | |  2.6
Spellcasting   | |  2.0

Action                   |  1- 3 |  4- 6 |  7- 9 || total
-------------------------+-------+-------+-------++-------
Melee: Unarmed           |   109 |   206 |    46 ||   361
       Punch             |     2 |     5 |     1 ||     8
       Headbutt          |    13 |    25 |       ||    38
       Tailslap          |       |     2 |       ||     2
 Cast: Beastly Appendage |    18 |    30 |     4 ||    52
       Sticks to Snakes  |     1 |    11 |       ||    12
       Spider Form       |       |       |     1 ||     1
Evoke: Deck              |       |       |     6 ||     6
  Use: Potion            |     7 |     1 |       ||     8
       Scroll            |     1 |     5 |     1 ||     7
 Stab: Sleeping          |       |     1 |       ||     1
  Eat: Chunk             |     1 |     7 |     1 ||     9
       Ration            |       |     1 |       ||     1
Armor: Robe              |    31 |    35 |     9 ||    75
       Skin              |     6 |     5 |     9 ||    20
Dodge: Dodged            |    91 |   137 |    17 ||   245

Table legend:
 A = Non-vault XP
 B = Vault XP
 C = Vault XP percentage of total XP
 D = Non-vault monster count
 E = Vault monster count
 F = Vault count percentage of total count
                 A         B        C        D         E       F
            +---------+---------+-------+---------+---------+-------
      Total |     757 |      63 |   7.7 |      87 |      25 |  22.3
            +---------+---------+-------+---------+---------+-------
        D:1 |      37 |       0 |   0.0 |      23 |       0 |   0.0
        D:2 |      52 |       0 |   0.0 |      16 |       0 |   0.0
        D:3 |     140 |      25 |  15.2 |      24 |      12 |  33.3
        D:4 |     478 |      38 |   7.4 |      23 |      13 |  36.1
        D:5 |      50 |       0 |   0.0 |       1 |       0 |   0.0
            +---------+---------+-------+---------+---------+-------
